 Dungeon Sprint DCSS version 0.27-a0-216-g1fbed8a51c (webtiles) character file.

Game seed: 6412618072490087355

65522 mhtbhm the Wrestler (level 14, -8/138 HPs)
             Began as an Octopode Transmuter on Jan 31, 2021.
             Was the Champion of Sif Muna.
             Killed by a mummy priest's death curse (10 damage)
             ... in the Dungeon (Sprint III: "The Ten Rune Challenge").
             The game lasted 00:18:44 (8386 turns).

mhtbhm the Wrestler (Octopode Transmuter)           Turns: 8386, Time: 00:18:45

Health: -8/138     AC: 16    Str: 26    XL:     14   Next: 64%
Magic:  31/35      EV: 18    Int: 16    God:    Sif Muna [******]
Gold:   2733       SH:  0    Dex: 12    Spells: 13/47 levels left

rFire    + + .     SeeInvis .     - Unarmed
rCold    x . .     Faith    .   (shield currently unavailable)
rNeg     . . .     Spirit   .   (helmet currently unavailable)
rPois    +         Reflect  .   (no amulet)
rElec    .         Harm     .   n - +4 ring of evasion
rCorr    .         Rampage  .   p - +4 ring of evasion
Will     +....     NoTele   +   (no ring)
Stlth    +++++++...             (no ring)
HPRegen  0.33/turn              (no ring)
MPRegen  0.24/turn              (no ring)
                                (no ring)
                                (no ring)

@: dragon-form, flying
A: giant, almost no armour, stealthy swim, amphibious, 8 rings, (constrict 8),
sense surroundings 1, strong 1
}: 1/10 runes: barnacled
a: Breathe Fire, Stop Flying, End Transformation, Renounce Religion, Channel
Magic, Forget Spell, Divine Exegesis


You were in the Dungeon.
You worshipped Sif Muna.
Sif Muna was exalted by your worship.
You were a fearsome dragon!
You visited 1 branch You collected 2838 gold pieces.
You spent 105 gold pieces at shops.

Inventory:

Missiles
 d - 7 curare-tipped darts
 r - 5 atropa-tipped darts
 s - 5 datura-tipped darts
Jewellery
 n - a +4 ring of evasion (left foreclaw)
 p - a +4 ring of evasion (right foreclaw)
Wands
 c - a wand of mindburst (17)
 o - a wand of acid (7)
 t - a wand of digging (5)
Scrolls
 a - 3 scrolls of torment
 h - 11 scrolls of identify
 i - 3 scrolls of amnesia
 k - a scroll of immolation
 q - 2 scrolls of remove curse
Potions
 b - 5 potions of curing
 e - 2 potions of magic
 j - 4 potions of flight
 l - 3 potions of mutation
 m - 2 potions of attraction
Miscellaneous
 f - a condenser vane (inert)
 u - a box of beasts


   Skills:
 + Level 7.2 Fighting
 + Level 10.8 Dodging
 + Level 20.5 Stealth
 + Level 21.9 Unarmed Combat
 + Level 17.0 Spellcasting
 + Level 16.5 Transmutations
 + Level 5.4 Ice Magic
 + Level 3.2 Earth Magic
 + Level 2.9 Evocations


You had 13 spell levels left.
You knew the following spells:

 Your Spells              Type           Power        Failure   Level
a - Beastly Appendage     Tmut           100%         0%          1
b - Wereblood             Tmut           61%          0%          2
c - Spider Form           Tmut/Pois      20%          1%          3
d - Ice Form              Ice/Tmut       48%          1%          4
e - Blade Hands           Tmut           30%          1%          5
f - Dragon Form           Tmut           30%          4%          7
g - Hydra Form            Tmut           30%          1%          6
h - Statue Form           Tmut/Erth      30%          12%         6

Your spell library contained the following spells:

 Spells                   Type           Power        Failure   Level
 Freeze                   Ice            100%         1%          1
 Sandblast                Erth           48%          1%          1
 Sting                    Tmut/Pois      100%         1%          1
 Passwall                 Tmut/Erth      37%          1%          2
 Frozen Ramparts          Ice            60%          1%          3
 Ignite Poison            Fire/Tmut/Pois 31%          1%          3
 Petrify                  Tmut/Erth      45%          1%          4
 Ensorcelled Hibernation  Hex/Ice        44%          2%          2
 Apportation              Tloc           26%          4%          1
 Corona                   Hex            14%          4%          1
 Foxfire                  Conj/Fire      52%          4%          1
 Magic Dart               Conj           52%          4%          1
 Pain                     Necr           52%          4%          1
 Shock                    Conj/Air       52%          4%          1
 Summon Small Mammal      Summ           52%          4%          1
 Alistair's Intoxication  Tmut/Pois      26%          4%          5
 Irradiate                Conj/Tmut      20%          4%          5
 Yara's Violent Unravell  Hex/Tmut       20%          4%          5
 Blink                    Tloc           N/A          7%          2
 Call Imp                 Summ           13%          7%          2
 Corpse Rot               Necr/Air       N/A          7%          2
 Poisonous Vapours        Pois/Air       26%          7%          2
 Slow                     Hex            13%          7%          2
 Sublimation of Blood     Necr           6%           7%          2
 Swiftness                Air            13%          7%          2
 Confusing Touch          Hex            13%          13%         3
 Conjure Flame            Conj/Fire      13%          13%         3
 Dazzling Flash           Conj/Hex       26%          13%         3
 Gell's Gravitas          Tloc           6%           13%         3
 Inner Flame              Hex/Fire       13%          13%         3
 Mephitic Cloud           Conj/Pois/Air  13%          13%         3
 Static Discharge         Conj/Air       13%          13%         3
 Summon Guardian Golem    Hex/Summ       13%          13%         3
 Teleport Other           Tloc           13%          13%         3
 Tukima's Dance           Hex            13%          13%         3
 Hailstorm                Conj/Ice       22%          14%         4
 Leda's Liquefaction      Hex/Erth       9%           22%         4
 Eringya's Noxious Bog    Tmut/Pois      20%          22%         6
 Lee's Rapid Deconstruct  Erth           12%          32%         5
 Metabolic Englaciation   Hex/Ice        11%          38%         5
 Airstrike                Air            6%           41%         4
 Dispel Undead            Necr           13%          41%         4
 Iskenderun's Mystic Bla  Conj/Tloc      13%          41%         4
 Olgreb's Toxic Radiance  Pois           13%          41%         4
 Passage of Golubria      Tloc           N/A          41%         4
 Sticky Flame             Conj/Fire      13%          41%         4
 Summon Lightning Spire   Summ/Air       13%          41%         4
 Borgnjor's Vile Clutch   Necr/Erth      9%           54%         5
 Bolt of Magma            Conj/Fire/Erth 8%           61%         5
 Agony                    Necr           13%          77%         5
 Fireball                 Conj/Fire      6%           77%         5
 Lightning Bolt           Conj/Air       6%           77%         5
 Silence                  Hex/Air        6%           77%         5
 Summon Forest            Summ/Tloc      6%           77%         5
 Simulacrum               Ice/Necr       11%          92%         6
 Freezing Cloud           Conj/Ice/Air   9%           97%         6
 Iron Shot                Conj/Erth      9%           98%         6
 Ozocubu's Refrigeration  Ice            15%          99%         7
 Conjure Ball Lightning   Conj/Air       6%           100%        6
 Death Channel            Necr           6%           100%        6
 Dispersal                Tloc           6%           100%        6
 Invisibility             Hex            13%          100%        6
 Shadow Creatures         Summ           N/A          100%        6
 Starburst                Conj/Fire      6%           100%        6
 Haunt                    Necr/Summ      6%           100%        7
 Malign Gateway           Summ/Tloc      6%           100%        7
 Monstrous Menagerie      Summ           6%           100%        7
 Orb of Destruction       Conj           6%           100%        7
 Summon Hydra             Summ           6%           100%        7
 Chain Lightning          Conj/Air       6%           100%        8
 Infestation              Necr           6%           100%        8
 Dragon's Call            Summ           6%           100%        9
 Fire Storm               Conj/Fire      6%           100%        9
 Shatter                  Erth           12%          100%        9
 Animate Armour           Summ/Erth      Unusable     N/A         4

Dungeon Overview and Level Annotations

Branches:
Dungeon (1/1)

Altars:
Cheibriados
Dithmenos
Elyvilon
Fedhas
Gozag
Hepliaklqana
Kikubaaqudgha
Makhleb
Nemelex Xobeh
Okawaru
Qazlal
Ru
Sif Muna
Trog
Uskayaw
Vehumet
Wu Jian
Xom
Yredelemnul
Zin
The Shining One
Beogh
Jiyva
Lugonu

Shops:
D *!=![}}[!*==?}![*(::


Innate Abilities, Weirdness & Mutations

You cannot wear most types of armour.
You are very stealthy in the water. (Stealth+)
You are amphibious.
You can wear up to eight rings at the same time.
((You can use your tentacles to constrict eight enemies at once.))
((Your skin changes colour to match your surroundings (Stealth+).))
((Your rubbery body absorbs attacks. (AC +1, EV +1)))
You passively map a small area around you.
Your muscles are strong. (Str +2)


Message History

The soul eater draws from the surrounding life force!
* * * LOW HITPOINT WARNING * * *
Unknown command.
The soul eater disappears in a puff of smoke!
A nearby plant withers and dies.
The mummy priest hits you!
* * * LOW HITPOINT WARNING * * *
The orange demon stings you but does no damage.
The ice devil hits you but does no damage.
The soul eater draws from the surrounding life force!
* * * LOW HITPOINT WARNING * * *
There is an open door, spattered with blood here.
You bite the mummy priest!!
You destroy the mummy priest!
Sif Muna accepts your kill.
The soul eater disappears in a puff of smoke!
The ice devil disappears in a puff of smoke!
The orange demon disappears in a puff of smoke!
You feel extremely nervous for a moment...
Pain shoots through your body!
You die...

, #'###.......# , ,
≈#≈≈≈##.....## *
,#'#'###...## ^ * * *
####.#.# ##+### , +,
,..#'#####.≈≈≈+ **
#.#..'∩∩#.≈≈.#
##.####∩∩#§°≈.#
###...###.§#§.§.# +
,+.......'..D.§≈≈+ *
###...###..#≈≈≈.# *
##.##∩#..#zz..#
########.#..#..####+#****
+ #......#'#'##..#, ,
*#......#.'..'..+ * *,
#......#.####..# , ,
#......).#.##### *
#......###.# ,,,


You could see 2 skeletal warriors.

Vanquished Creatures
  Boris (D)
  A deep elf blademaster (D)
  Polyphemus (D)
  An Executioner (D)
  Harold (D)
  Roxanne (D)
  Ilsuiw (D)
  A draconian knight (D)
  Azrael (D)
  A deep elf annihilator (D)
  Snorg (D)
  A mummy priest (D)
  A merfolk javelineer (D)
  A vault guard (D)
  A deep elf high priest (D)
  2 yaktaur captains (D)
  2 hydras (D)
  A fire dragon (D)
  2 centaur warriors (D)
  4 dancing weapons (D)
  A titan zombie (D)
  Urug (D)
  2 deep elf knights (D)
  A shadow wraith (D)
  A skeletal warrior (D)
  A death drake (D)
  A sea snake (D)
  2 spectral iron dragons (D)
  A spriggan druid (D)
  An anaconda zombie (D)
  An unseen horror (D)
  2 orc knights (D)
  Joseph (D)
  4 deep elf pyromancers (D)
  An obsidian statue (D)
  A deep elf zephyrmancer (D)
  A lindwurm (D)
  4 crystal guardians (D)
  An ugly thing (D)
  2 oklob plants (D)
  An orc sorcerer (D)
  A stone giant skeleton (D)
  2 cane toads (D)
  4 statues (D)
  A rime drake (D)
  2 yaktaurs (D)
  A queen bee (D)
  A komodo dragon (D)
  4 spriggan defenders (D)
  3 wandering mushrooms (D)
  2 tyrant leeches (D)
  2 orc high priests (D)
  5 blink frogs (D)
  3 dream sheep (D)
  A shadow (D)
  3 redbacks (D)
  2 spriggans (D)
  2 iron troll simulacra (D)
  A hydra simulacrum (D)
  A spatial vortex (D)
  A floating eye (D)
  A swamp drake (D)
  4 orc warriors (D)
  A fire dragon simulacrum (D)
  A necrophage (D)
  2 centaurs (D)
  An earth elemental (D)
  A water elemental (D)
  32 killer bees (D)
  An electric eel (D)
  A jelly (D)
  2 orc priests (D)
  A necromancer (D)
  A wizard (D)
  2 orc wizards (D)
  2 polar bear simulacra (D)
  A wolf simulacrum (D)
  3 humans (D)
  A kobold demonologist (D)
  A phantom (D)
  11 orcs (D)
  4 rats (D)
  2 plants (D)
175 creatures vanquished.

Vanquished Creatures (others)
  A hellion (D)
  9 plants (D)
10 creatures vanquished.

Grand Total: 185 creatures vanquished

Notes
Turn   | Place    | Note
-------+----------+-------------------------------------------
     0 | D        | mhtbhm the Octopode Transmuter began the quest for the Orb.
     0 | D        | Reached XP level 1. HP: 13/13 MP: 3/3
    64 | D        | Reached skill level 1 in Stealth
    64 | D        | Reached skill level 4 in Unarmed Combat
    64 | D        | Reached XP level 2. HP: 11/18 MP: 2/5
   171 | D        | Learned a level 2 spell: Wereblood
   181 | D        | Reached XP level 3. HP: 16/23 MP: 5/7
   217 | D        | Gained mutation: Your muscles are strong. (Str +2) [potion
                  | of mutation]
   217 | D        | Gained mutation: You evolve. [potion of mutation]
   217 | D        | Gained mutation: You possess an exceptional clarity of
                  | mind. [potion of mutation]
   379 | D        | Noticed a water elemental
   386 | D        | Killed a water elemental
   387 | D        | Reached skill level 6 in Unarmed Combat
   387 | D        | Reached XP level 4. HP: 22/28 MP: 6/9
   531 | D        | Learned a level 3 spell: Spider Form
   536 | D        | Learned a level 4 spell: Ice Form
   728 | D        | Found a radiant altar of Vehumet.
   728 | D        | Found a shimmering blue altar of Sif Muna.
   728 | D        | Found an ancient bone altar of Kikubaaqudgha.
   728 | D        | Noticed a wizard
   729 | D        | Killed a wizard
   733 | D        | Reached XP level 5. HP: 34/34 MP: 5/11
   734 | D        | Became a worshipper of Sif Muna the Loreminder
   782 | D        | Found a glowing silver altar of Zin.
   782 | D        | Found a glowing golden altar of the Shining One.
   782 | D        | Found a white marble altar of Elyvilon.
   783 | D        | Noticed a deep elf pyromancer
   790 | D        | Killed a deep elf pyromancer
   791 | D        | Reached skill level 5 in Dodging
   791 | D        | Reached skill level 9 in Unarmed Combat
   791 | D        | Reached XP level 6. HP: 19/41 MP: 8/15
   791 | D        | Reached XP level 7. HP: 21/45 MP: 9/17
   840 | D        | Gained mutation: Scrolls take you a little longer to read.
                  | [evolution]
   972 | D        | Lost mutation: You evolve. [potion of mutation]
   972 | D        | Lost mutation: Scrolls take you a little longer to read.
                  | [potion of mutation]
   972 | D        | Lost mutation: You possess an exceptional clarity of mind.
                  | [potion of mutation]
   972 | D        | Gained mutation: You passively map a small area around you.
                  | [potion of mutation]
  1079 | D        | Found a basalt altar of Yredelemnul.
  1079 | D        | Found a shadowy altar of Dithmenos.
  1079 | D        | Found a sacrificial altar of Ru.
  1088 | D        | Reached * piety under Sif Muna
  1169 | D        | Learned a level 5 spell: Blade Hands
  1170 | D        | Found a hide-covered altar of Uskayaw.
  1170 | D        | Found a roughly hewn altar of Beogh.
  1170 | D        | Found an iron altar of Okawaru.
  1170 | D        | Found a bloodstained altar of Trog.
  1170 | D        | Found an ornate altar of the Wu Jian Council.
  1170 | D        | Noticed a human
  1170 | D        | Noticed a human
  1175 | D        | Killed a human
  1176 | D        | Reached skill level 10 in Unarmed Combat
  1179 | D        | Killed a human
  1180 | D        | Reached XP level 8. HP: 16/51 MP: 13/19
  1428 | D        | Noticed a shadow
  1431 | D        | Killed a shadow
  1431 | D        | Reached ** piety under Sif Muna
  1432 | D        | Reached skill level 10 in Stealth
  1437 | D        | Found a blossoming altar of Fedhas.
  1437 | D        | Found a stormy altar of Qazlal.
  1437 | D        | Found a snail-covered altar of Cheibriados.
  1437 | D        | Found a burning altar of Makhleb.
  1437 | D        | Found a shimmering altar of Xom.
  1438 | D        | Found a hazy altar of Hepliaklqana.
  1438 | D        | Found an opulent altar of Gozag.
  1438 | D        | Found a sparkling altar of Nemelex Xobeh.
  1438 | D        | Found a corrupted altar of Lugonu.
  1438 | D        | Found a viscous altar of Jiyva.
  1504 | D        | Noticed Snorg
  1551 | D        | Killed Snorg
  1552 | D        | Reached skill level 11 in Unarmed Combat
  1552 | D        | Reached XP level 9. HP: 23/56 MP: 11/22
  1778 | D        | Reached *** piety under Sif Muna
  1939 | D        | Noticed a centaur warrior
  1944 | D        | Killed a centaur warrior
  1945 | D        | Reached skill level 12 in Unarmed Combat
  1945 | D        | Reached skill level 10 in Spellcasting
  1945 | D        | Reached skill level 1 in Evocations
  2244 | D        | Killed an unseen horror
  2245 | D        | Reached skill level 13 in Unarmed Combat
  2245 | D        | Reached skill level 10 in Transmutations
  2245 | D        | Reached XP level 10. HP: 33/63 MP: 19/24
  2411 | D        | Reached **** piety under Sif Muna
  2513 | D        | Noticed an orc sorcerer
  2514 | D        | Reached ***** piety under Sif Muna
  2514 | D        | Identified Sif Muna's Tome of Mutagenic Glamour (Sif Muna
                  | gifted it to you in the Dungeon)
  2514 | D        | Received a gift from Sif Muna
  2541 | D        | Killed an orc sorcerer
  2546 | D        | Identified Sif Muna's Almanac of Lethal Changing (Sif Muna
                  | gifted it to you in the Dungeon)
  2546 | D        | Received a gift from Sif Muna
  2552 | D        | Found Ygufe's General Store.
  2552 | D        | Found a roughly hewn altar of Beogh.
  2564 | D        | Learned a level 7 spell: Dragon Form
  2698 | D        | Noticed a deep elf pyromancer
  2698 | D        | Noticed a deep elf knight
  2698 | D        | Noticed a deep elf pyromancer
  2698 | D        | Noticed a deep elf zephyrmancer
  2698 | D        | Noticed a deep elf pyromancer
  2703 | D        | Noticed a deep elf annihilator
  2705 | D        | Killed a deep elf zephyrmancer
  2713 | D        | Killed a deep elf knight
  2714 | D        | Reached skill level 14 in Unarmed Combat
  2714 | D        | Killed a deep elf pyromancer
  2719 | D        | Killed a deep elf pyromancer
  2720 | D        | Reached XP level 11. HP: 69/69 MP: 20/26
  2720 | D        | Killed a deep elf pyromancer
  2720 | D        | Received a gift from Sif Muna
  2834 | D        | Identified Sif Muna's Catalogue of Igneous Snow (Sif Muna
                  | gifted it to you in the Dungeon)
  2834 | D        | Received a gift from Sif Muna
  2843 | D        | Reached ****** piety under Sif Muna
  2852 | D        | Received a gift from Sif Muna
  2860 | D        | Reached skill level 15 in Unarmed Combat
  2863 | D        | Identified Sif Muna's Papyrus of Mutagenic Translocation
                  | (Sif Muna gifted it to you in the Dungeon)
  2863 | D        | Received a gift from Sif Muna
  2884 | D        | Learned a level 6 spell: Hydra Form
  2895 | D        | Noticed Harold
  2895 | D        | Noticed Joseph
  2903 | D        | Killed Harold
  2904 | D        | Reached skill level 16 in Unarmed Combat
  2905 | D        | Killed Joseph
  2905 | D        | Identified Sif Muna's Reference Book on Dark Shape Shifting
                  | (Sif Muna gifted it to you in the Dungeon)
  2905 | D        | Received a gift from Sif Muna
  3373 | D        | Reached skill level 5 in Fighting
  3516 | D        | Reached skill level 17 in Unarmed Combat
  3521 | D        | Identified Sif Muna's Incunabulum of Evil Confrontation
                  | (Sif Muna gifted it to you in the Dungeon)
  3521 | D        | Received a gift from Sif Muna
  3596 | D        | Reached skill level 15 in Stealth
  3771 | D        | Reached XP level 12. HP: 77/77 MP: 21/28
  3792 | D        | Identified Yqac's Volume of Torrid Calling (Sif Muna gifted
                  | it to you in the Dungeon)
  3792 | D        | Received a gift from Sif Muna
  3793 | D        | Noticed Urug
  3795 | D        | Killed Urug
  3887 | D        | Noticed a four-headed hydra
  3887 | D        | Noticed an eight-headed hydra
  3895 | D        | Killed a five-headed hydra
  3898 | D        | Killed a ten-headed hydra
  3999 | D        | Identified Sif Muna's Incunabulum of the Voyage and the
                  | Rocks (Sif Muna gifted it to you in the Dungeon)
  3999 | D        | Received a gift from Sif Muna
  4341 | D        | Learned a level 6 spell: Statue Form
  4341 | D        | Noticed Polyphemus
  4359 | D        | Killed Polyphemus
  4360 | D        | Reached skill level 18 in Unarmed Combat
  4509 | D        | Noticed Ilsuiw
  4518 | D        | Killed Ilsuiw
  4525 | D        | Found Iguopt's Jewellery Emporium.
  4525 | D        | Found Uzazetico's Distillery.
  4525 | D        | Found Isashynt's Antique Armour Shoppe.
  4525 | D        | Noticed a merfolk javelineer
  4533 | D        | Killed a merfolk javelineer
  4533 | D        | Identified Awneumo's Almanac of Bewitchment and
                  | Displacement (Sif Muna gifted it to you in the Dungeon)
  4533 | D        | Received a gift from Sif Muna
  4548 | D        | Got a barnacled rune of Zot
  4583 | D        | Found a blossoming altar of Fedhas.
  4768 | D        | Reached skill level 19 in Unarmed Combat
  4769 | D        | Reached XP level 13. HP: 47/83 MP: 12/30
  4945 | D        | Noticed a yaktaur captain
  4946 | D        | Identified Sif Muna's Papyrus of Confrontation (Sif Muna
                  | gifted it to you in the Dungeon)
  4946 | D        | Received a gift from Sif Muna
  5082 | D        | Found Daetrots's Distillery.
  5082 | D        | Found Redopt's General Store.
  5082 | D        | Found Qaisuc's Book Shoppe.
  5082 | D        | Found Raumorat's Gadget Boutique.
  5082 | D        | Found Cun Joomoe's Antique Armour Emporium.
  5082 | D        | Found Jefisij's Book Shop.
  5082 | D        | Found Jupisuq's Antique Weapon Emporium.
  5083 | D        | Found Pidat's Magic Scroll Boutique.
  5083 | D        | Found Fauz's Jewellery Shoppe.
  5083 | D        | Found Woylaadadd's Jewellery Shop.
  5083 | D        | Found Kuitwom's General Store.
  5125 | D        | Bought a scroll of blinking for 105 gold pieces
  5390 | D        | Reached skill level 1 in Earth Magic
  5406 | D        | Noticed a fire dragon
  5410 | D        | Killed a fire dragon
  5410 | D        | Received a gift from Sif Muna
  5491 | D        | Found the +12 glaive of Prune {vorpal}
  5709 | D        | Identified Sif Muna's Compendium of Doomed Changing (Sif
                  | Muna gifted it to you in the Dungeon)
  5709 | D        | Received a gift from Sif Muna
  5761 | D        | Noticed a yaktaur captain
  5763 | D        | Killed a yaktaur captain
  5768 | D        | Killed a yaktaur captain
  5769 | D        | Reached skill level 15 in Spellcasting
  5774 | D        | Reached skill level 20 in Unarmed Combat
  5977 | D        | Noticed Azrael
  5982 | D        | Killed Azrael
  6072 | D        | Noticed a deep elf annihilator
  6076 | D        | Noticed a deep elf high priest
  6076 | D        | Identified the +6 battleaxe "Tedes" {freeze, rF+ MP+9
                  | Dex-4}
  6078 | D        | Killed a deep elf high priest
  6079 | D        | Noticed a deep elf death mage
  6080 | D        | Noticed a deep elf blademaster
  6080 | D        | Noticed a deep elf annihilator
  6083 | D        | Killed a deep elf blademaster
  6084 | D        | Killed a deep elf annihilator
  6084 | D        | Received a gift from Sif Muna
  6351 | D        | Acquired 1175 gold pieces
  6659 | D        | Reached skill level 15 in Transmutations
  6865 | D        | Noticed Boris
  6866 | D        | Reached XP level 14. HP: 90/90 MP: 26/33
  6872 | D        | Killed Boris
  6872 | D        | Received a gift from Sif Muna
  6873 | D        | Reached skill level 10 in Dodging
  6873 | D        | Reached skill level 21 in Unarmed Combat
  7074 | D        | Found Naref's Gadget Emporium.
  7074 | D        | Found Akajus's Armour Shop.
  7074 | D        | Found Iguiwn's Gadget Shop.
  7074 | D        | Found Pirchada's Distillery.
  7170 | D        | Identified Roxanne's Compendium of Earth
  7170 | D        | Noticed Roxanne
  7182 | D        | Killed Roxanne
  7182 | D        | Identified Sif Muna's Handbook of Shape Shifting and the
                  | Escort (Sif Muna gifted it to you in the Dungeon)
  7182 | D        | Received a gift from Sif Muna
  7306 | D        | Found Derefiatoa's Distillery.
  7311 | D        | HP: 5/138 [iron troll simulacrum (42)]
  8137 | D        | Noticed a purple draconian knight
  8145 | D        | Killed a purple draconian knight
  8146 | D        | Reached skill level 5 in Ice Magic
  8324 | D        | Noticed an Executioner
  8326 | D        | Killed an Executioner
  8326 | D        | Received a gift from Sif Muna
  8385 | D        | HP: 2/138 [soul eater/drain life[a mummy priest] (8)]
  8386 | D        | Killed by a mummy priest's death curse

Illustrated notes

Levels and vault maps discovered:
D:        dungeon_sprint_mu [sprint_mu_entry_forest, sprint_mu_temple_rooms,
          sprint_mu_d1_horrors, sprint_mu_d2_genie, sprint_mu_d3_branching,
          sprint_mu_orc_legion, sprint_mu_elf_gauntlet, sprint_mu_hive_nellie,
          sprint_mu_lair_fedhas, sprint_mu_vaults_butterflies,
          sprint_mu_slime_circle, sprint_mu_swamp_cave, sprint_mu_shoals_archi,
          sprint_mu_blade_basic, sprint_mu_crypt_fortress,
          sprint_mu_tomb_spiral, sprint_mu_vestibule_basic,
          sprint_mu_gehenna_hellfire, sprint_mu_dis_giant,
          sprint_mu_tartarus_statrot, sprint_mu_cocytus_islands, sprint_mu_zot1]

Skill      XL: |  1  2  3  4  5  6  7  8  9 10 11 12 13 14 |
---------------+-------------------------------------------+-----
Stealth        | 1 2 3 4 8 9 11 12 13 15 18 20 | 20.5
Unarmed Combat | 4 6 9 10 11 13 14 17 19 20 21 | 21.9
Dodging        | 3 5 6 7 8 9 10 | 10.8
Spellcasting   | 3 4 6 7 9 10 11 12 13 15 17 | 17.0
Transmutations | 3 4 6 7 8 10 11 12 13 15 16 | 16.5
Fighting       | 2 3 4 5 6 7 |  7.2
Ice Magic      | 2 3 4 5 |  5.4
Evocations     | 1 2 |  2.9
Earth Magic    | 2 3 |  3.2

Action                   |  1- 3 |  4- 6 |  7- 9 | 10-12 | 13-15 || total
-------------------------+-------+-------+-------+-------+-------++-------
Melee: Unarmed           |    18 |     8 |    45 |   185 |   159 ||   415
       Tentacles         |     4 |       |     9 |     3 |     5 ||    21
       Kick              |     5 |       |       |     2 |       ||     7
       Constrict         |     2 |       |     2 |     4 |     3 ||    11
       Punch             |       |       |     2 |     9 |    35 ||    46
       Tailslap          |       |       |       |    12 |    22 ||    34
       Bite              |       |       |       |     4 |    22 ||    26
 Cast: Beastly Appendage |     5 |       |       |     1 |       ||     6
       Ice Form          |       |     2 |     1 |     3 |     2 ||     8
       Blade Hands       |       |       |     7 |     2 |       ||     9
       Dragon Form       |       |       |       |     9 |    13 ||    22
       Hydra Form        |       |       |       |     3 |       ||     3
       Statue Form       |       |       |       |       |     3 ||     3
 Abil: Breathe Fire      |       |       |       |     4 |     4 ||     8
       End Transformatio |       |       |       |     1 |       ||     1
Evoke: Condenser vane    |       |       |     1 |     2 |     3 ||     6
       Wand              |       |       |       |       |     2 ||     2
  Use: Potion            |     2 |       |     3 |     1 |     2 ||     8
       Scroll            |       |       |       |       |     7 ||     7
 Stab: Sleeping          |     4 |     1 |     3 |    15 |    11 ||    34
       Confused          |       |       |     1 |     2 |       ||     3
Armor: Skin              |       |       |     2 |    56 |    21 ||    79
Dodge: Dodged            |     9 |       |    22 |    65 |    40 ||   136

Table legend: (Time is in decaauts)
 A = Elapsed time spent in this place.
 B = Non-inter-level travel time spent in this place.
 C = Inter-level travel time spent in this place.
 D = Time resting spent in this place.
 E = Time spent auto-exploring this place.
 F = Levels seen in this place.
 G = Mean time per level.
                   A        B        C        D        E       F      G
               +--------+--------+--------+--------+--------+-----+--------+
         Total |   8314 |   8279 |     35 |   6239 |      1 |   1 | 8314.0 |
       Dungeon |   8314 |   8279 |     35 |   6239 |      1 |   1 | 8314.0 |
               +--------+--------+--------+--------+--------+-----+--------+

Top non-repeatable levels by time:
       D: 8314 daAuts
